[Event "Jiraskuv memorial B"]
[Site "Rakovnik"]
[Date "2011.08.08"]
[Round "4"]
[White "Arvanitakis, Panagiotis"]
[Black "Cerny, Michal"]
[Result "0-1"]
[ECO "A00"]
[WhiteElo "1497"]
[BlackElo "1790"]
[PlyCount "83"]
[EventDate "2011.08.??"]
[EventType "swiss"]
[EventRounds "9"]
[EventCountry "CZE"]
[TimeControl "240+2"]

{1056MB, Fritz8.ctg} 1. c3 e5 2. a3 Nf6 3. b4 d5 4. d4 e4 5. g3 Bd6 6. Bg2 O-O
7. e3 Bg4 8. Ne2 Nbd7 9. h3 Bxe2 10. Qxe2 Nb6 11. Nd2 Na4 12. Qd1 Qd7 13. c4
dxc4 14. Nxe4 Nxe4 15. Bxe4 Nc3 16. Bxh7+ Kxh7 17. Qc2+ Kg8 18. Qxc3 Qc6 19.
O-O Qd5 20. a4 a6 21. e4 Qxe4 22. Qxc4 Rad8 23. Bb2 Qg6 24. Qc3 c6 25. Rae1
Rfe8 26. Rxe8+ Rxe8 27. Re1 Rd8 28. Kg2 Qg5 29. Re3 Be7 30. Rf3 Bf6 31. Rf4
Qd5+ 32. Kg1 a5 33. bxa5 c5 34. Qf3 cxd4 35. Qd3 Re8 36. f3 Re3 37. Qd2 Rxf3
38. Rxf3 Qxf3 39. Kh2 Be5 40. Qg5 Qf2+ 41. Kh1 Bxg3 42. Qxg3 0-1

[Event "Jiraskuv memorial B"]
[Site "Rakovnik"]
[Date "2011.08.08"]
[Round "4"]
[White "Folbr, Martin"]
[Black "Sebek, Pavel"]
[Result "1-0"]
[ECO "B24"]
[WhiteElo "1353"]
[BlackElo "1679"]
[PlyCount "91"]
[EventDate "2011.08.??"]
[EventType "swiss"]
[EventRounds "9"]
[EventCountry "CZE"]
[TimeControl "240+2"]

{1056MB, Fritz8.ctg} 1. e4 c5 2. Nc3 Nc6 3. g3 Nf6 4. Bg2 e6 5. Nge2 d6 6. O-O
a6 7. d4 cxd4 8. Nxd4 Be7 9. Bf4 e5 10. Nxc6 bxc6 11. Be3 Bb7 12. f4 Qc7 13.
fxe5 dxe5 14. Na4 Rc8 15. Bh3 Rd8 16. Qf3 c5 17. Nc3 O-O 18. Bg5 Qb6 19. Na4
Qa7 20. Bxf6 Bxf6 21. Qg4 c4+ 22. Kh1 Be7 23. Bg2 Rd2 24. Rac1 Rfd8 25. Qf5 f6
26. Qe6+ Kf8 27. Qxe5 Qa8 28. Nb6 Qa7 29. Nxc4 R2d4 30. Ne3 Kf7 31. Qh5+ Kg8
32. Rcd1 g6 33. Qg4 Bc8 34. Nf5 Kf7 35. Qh4 Bxf5 36. Qxh7+ Ke8 37. exf5 Rxd1
38. Qxg6+ Kf8 39. Qh6+ Kg8 40. Qg6+ Kf8 41. Qh6+ Kg8 42. Qg6+ Kf8 43. Qh5 Rxf1+
44. Bxf1 Qf2 45. Qh8+ Kf7 46. Bc4+ 1-0

[Event "Jiraskuv memorial B"]
[Site "Rakovnik"]
[Date "2011.08.08"]
[Round "4"]
[White "Libosvar, Jan"]
[Black "Ruzicka, Vaclav"]
[Result "0-1"]
[ECO "B01"]
[WhiteElo "1554"]
[BlackElo "1703"]
[PlyCount "54"]
[EventDate "2011.08.??"]
[EventType "swiss"]
[EventRounds "9"]
[EventCountry "CZE"]
[TimeControl "180"]

{24MB, Fritz8.ctg, sach1} 1. e4 d5 2. exd5 Qxd5 3. Nf3 Bg4 4.
Be2 Nf6 5. Nc3 Qa5 6. O-O e6 7. d3 c6 8. d4 Qc7 9. Ne5 Bxe2 10. Nxe2 Bd6 11. f4
Nbd7 12. Ng3 h5 13. Qf3 h4 14. Ne4 Nxe4 15. Qxe4 f5 16. Qf3 Nxe5 17. fxe5 Be7
18. g4 hxg3 19. Qxg3 O-O-O 20. c3 g5 21. Qg2 Rh4 22. Kf2 Rdh8 23. Rh1 c5 24.
Bd2 Qd8 25. Rac1 Kb8 26. Rcd1 cxd4 27. Kg3 Rg4+ 0-1

[Event "Jiraskuv memorial B"]
[Site "Rakovnik"]
[Date "2011.08.08"]
[Round "4"]
[White "Koblic, Miroslav"]
[Black "Hajsman, Ladislav"]
[Result "1/2-1/2"]
[ECO "A03"]
[WhiteElo "1698"]
[BlackElo "1831"]
[PlyCount "78"]
[EventDate "2011.08.??"]
[EventType "swiss"]
[EventRounds "9"]
[EventCountry "CZE"]
[TimeControl "180"]

{24MB, Fritz8.ctg, sach1} 1. f4 d5 2. d4 g6 3. e3 Bg7 4. Nf3 Bg4 5. Bd3 Nf6 6.
c3 Nbd7 7. O-O Ne4 8. Qe1 Bxf3 9. Rxf3 e6 10. Rh3 Ndf6 11. Nd2 Nxd2 12. Bxd2
Ne4 13. Bxe4 dxe4 14. Qe2 Qd7 15. Be1 c6 16. b4 O-O 17. g4 f5 18. g5 b5 19. Rg3
Qd5 20. h4 Kf7 21. h5 Rh8 22. h6 Bf8 23. Rg2 Be7 24. Qf1 Rhb8 25. Rc2 Qc4 26.
Qxc4 bxc4 27. a4 a6 28. Rb2 Ke8 29. Kf2 Kd7 30. Ke2 Kc7 31. Kd2 Bd6 32. Kc2 Be7
33. Bd2 Rb7 34. Bc1 Bf8 35. Rbb1 Be7 36. Ba3 Bd6 37. Ra2 Rab8 38. Rab2 Rb6 39.
Ra1 R6b7 1/2-1/2

[Event "Jiraskuv memorial B"]
[Site "Rakovnik"]
[Date "2011.08.08"]
[Round "4"]
[White "Hajsman, Martin"]
[Black "Masek, Jan"]
[Result "1-0"]
[ECO "A25"]
[WhiteElo "1699"]
[BlackElo "1670"]
[PlyCount "51"]
[EventDate "2011.08.??"]
[EventType "swiss"]
[EventRounds "9"]
[EventCountry "CZE"]
[TimeControl "180"]

{24MB, Fritz8.ctg, sach1} 1. c4 e5 2. Nc3 Nc6 3. g3 d6 4. Bg2 Be6 5. d3 Qd7 6.
Nf3 Bh3 7. O-O Bxg2 8. Kxg2 Be7 9. Bd2 h5 10. h4 Nh6 11. Nd5 f6 12. b4 Kf7 13.
e4 Rag8 14. b5 Nd4 15. Nxd4 exd4 16. Qxh5+ g6 17. Qf3 Ng4 18. Rh1 Rh7 19. Qe2
g5 20. hxg5 Nh2 21. g6+ Kxg6 22. Nxe7+ Qxe7 23. Rxh2 Rxh2+ 24. Kxh2 Rh8+ 25.
Kg2 Qh7 26. Qg4+ 1-0

[Event "Jiraskuv memorial B"]
[Site "Rakovnik"]
[Date "2011.08.08"]
[Round "4"]
[White "Cernouskova, Alena"]
[Black "Veselsky, Jan"]
[Result "1-0"]
[ECO "E60"]
[WhiteElo "1702"]
[BlackElo "1650"]
[PlyCount "97"]
[EventDate "2011.08.??"]
[EventType "swiss"]
[EventRounds "9"]
[EventCountry "CZE"]
[TimeControl "180"]

{24MB, Fritz8.ctg, sach1} 1. d4 Nf6 2. Nf3 g6 3. c4 Bg7 4. g3 O-O 5. Bg2 c5 6.
e3 Nc6 7. Nc3 d5 8. cxd5 Nxd5 9. O-O cxd4 10. Nxd5 Qxd5 11. Nxd4 Qc5 12. Nxc6
bxc6 13. Qa4 Bb7 14. Rb1 Rab8 15. b4 Qf5 16. e4 Qb5 17. Qc2 Bd4 18. Bh6 Rfd8
19. Bf4 Rbc8 20. Bh3 e6 21. Rfd1 c5 22. bxc5 Qxc5 23. Qxc5 Rxc5 24. Rxd4 Rxd4
25. Be3 Rd7 26. Bxc5 Bxe4 27. Rc1 a6 28. Be3 Bd5 29. Bh6 f5 30. a3 Rb7 31. Bg2
Rb3 32. Bxd5 exd5 33. Rc8+ Kf7 34. Rc7+ Kg8 35. Rc8+ Kf7 36. Bf8 d4 37. Bb4 d3
38. Rc3 Rb1+ 39. Kg2 Rd1 40. Rc6 d2 41. Rd6 Ra1 42. Rxd2 a5 43. Bc5 Ke6 44.
Rd6+ Ke5 45. Ra6 a4 46. Rxa4 Kd5 47. Bb4 Kc4 48. Ra7 h5 49. Rg7 1-0

[Event "Jiraskuv memorial B"]
[Site "Rakovnik"]
[Date "2011.08.08"]
[Round "4"]
[White "Pokorny, Tomas"]
[Black "Georgiev, Lukas"]
[Result "1-0"]
[ECO "A80"]
[WhiteElo "1703"]
[BlackElo "1607"]
[PlyCount "69"]
[EventDate "2011.08.??"]
[EventType "swiss"]
[EventRounds "9"]
[EventCountry "CZE"]
[TimeControl "180"]

{24MB, Fritz8.ctg, sach1} 1. d4 f5 2. Nf3 Nf6 3. e3 e6 4. Be2 Be7 5. c4 Nc6 6.
Nc3 O-O 7. O-O Qe8 8. Qb3 Na5 9. Qd1 a6 10. b3 d5 11. Ne5 Nc6 12. Nf3 Rf7 13.
Bb2 b6 14. a3 Bb7 15. Ng5 Bd6 16. Nxf7 Qxf7 17. Bd3 g6 18. Rc1 Re8 19. Qe2 g5
20. cxd5 exd5 21. Bxf5 Nxd4 22. Qd3 Nxb3 23. Rcd1 Qh5 24. h3 g4 25. Ne2 Nc5 26.
Qc2 Nce4 27. Ng3 Nxg3 28. fxg3 gxh3 29. Bxf6 hxg2 30. Qxg2 Rxe3 31. g4 Qh6 32.
g5 Qh4 33. Rd4 Bh2+ 34. Qxh2 Rg3+ 35. Kh1 1-0

[Event "Jiraskuv memorial B"]
[Site "Rakovnik"]
[Date "2011.08.08"]
[Round "4"]
[White "Hejda, Vaclav"]
[Black "Mleziva, Miloslav"]
[Result "1/2-1/2"]
[ECO "C01"]
[WhiteElo "1825"]
[BlackElo "1695"]
[PlyCount "116"]
[EventDate "2011.08.??"]
[EventType "swiss"]
[EventRounds "9"]
[EventCountry "CZE"]
[TimeControl "180"]

{24MB, Fritz8.ctg, sach1} 1. e4 e6 2. Nf3 d5 3. exd5 exd5 4. d4 Bd6 5. Nc3 c6
6. Bd3 Nf6 7. O-O O-O 8. Bg5 Bg4 9. h3 Bh5 10. Re1 Nbd7 11. Bf5 Qc7 12. Qd3 h6
13. Bxf6 Nxf6 14. g4 Bg6 15. Bxg6 fxg6 16. g5 hxg5 17. Nxg5 Qd7 18. Qxg6 Rae8
19. Kg2 Bf4 20. Rad1 Bxg5 21. Qxg5 Ne4 22. Nxe4 dxe4 23. Re3 Rf3 24. Qg4 Qd5
25. Rxf3 exf3+ 26. Qxf3 Qxa2 27. Qc3 Qd5+ 28. Qf3 Re2 29. Qxd5+ cxd5 30. Ra1
Rxc2 31. Rxa7 Rxb2 32. Ra5 b5 33. Ra7 b4 34. Rd7 b3 35. Rxd5 Rd2 36. Rb5 b2 37.
Rb7 Kh7 38. d5 Kg6 39. d6 Kf6 40. d7 Ke7 41. Kg3 g6 42. h4 Kd8 43. f3 Ke7 44.
Kg4 Rg2+ 45. Kf4 Rf2 46. Kg5 Rxf3 47. Kxg6 Rg3+ 48. Kf5 Rf3+ 49. Kg4 Rf2 50.
Kg3 Rc2 51. h5 Rc3+ 52. Kf4 Rc2 53. h6 Rf2+ 54. Ke3 Rh2 55. h7 b1=Q 56. Rxb1
Rxh7 57. Rb7 Rh3+ 58. Ke4 Rh5 1/2-1/2

[Event "Jiraskuv memorial B"]
[Site "Rakovnik"]
[Date "2011.08.08"]
[Round "4"]
[White "Rerabek, Jaroslav"]
[Black "Redl, Vaclav"]
[Result "1-0"]
[ECO "C01"]
[WhiteElo "1626"]
[BlackElo "1570"]
[PlyCount "48"]
[EventDate "2011.08.??"]
[EventType "swiss"]
[EventRounds "9"]
[EventCountry "CZE"]
[TimeControl "240+2"]

{16MB, Fritz8.ctg, SACHY-67D9C7985} 1. e4 e6 2. d4 d5 3. exd5
exd5 4. Bd3 Nf6 5. h3 Nc6 6. c3 Be7 7. Nf3 O-O 8. O-O Re8 9. Bg5 h6 10. Bxf6
Bxf6 11. Nbd2 Ne7 12. Re1 Bf5 13. Nf1 Bxd3 14. Qxd3 c6 15. Ng3 Qd6 16. Re2 Ng6
17. Rae1 Rxe2 18. Qxe2 Qd7 19. Nh5 Be7 20. Ne5 Nxe5 21. Qxe5 Bf8 22. Re3 Qd6
23. Qf5 Rd8 24. Rg3 Qe6 1-0

[Event "Jiraskuv memorial B"]
[Site "Rakovnik"]
[Date "2011.08.08"]
[Round "4"]
[White "Mitosinka, Boris"]
[Black "Cizkovsky, Ota"]
[Result "1/2-1/2"]
[ECO "A30"]
[WhiteElo "1518"]
[BlackElo "1694"]
[PlyCount "44"]
[EventDate "2011.08.??"]
[EventType "swiss"]
[EventRounds "9"]
[EventCountry "CZE"]
[TimeControl "240+2"]

{16MB, Fritz8.ctg, SACHY-67D9C7985} 1. Nf3 Nf6 2. c4 c5 3. g3 Nc6 4. Bg2 e5 5.
O-O d6 6. d3 Be7 7. Nbd2 h6 8. b3 O-O 9. Bb2 Nh7 10. Qc2 f5 11. e3 Bf6 12. a3
Be6 13. Rfe1 Qd7 14. Rad1 a5 15. Bc3 f4 16. Ne4 fxg3 17. Nxf6+ Nxf6 18. fxg3
Bh3 19. Qb2 Bxg2 20. Kxg2 Qg4 21. h3 Qg6 22. Nh4 Qg5 1/2-1/2

[Event "Jiraskuv memorial B"]
[Site "Rakovnik"]
[Date "2011.08.08"]
[Round "4"]
[White "Zak, Jiri"]
[Black "Jesensky, Jaromir"]
[Result "1-0"]
[ECO "A38"]
[WhiteElo "1627"]
[BlackElo "1553"]
[PlyCount "97"]
[EventDate "2011.08.??"]
[EventType "swiss"]
[EventRounds "9"]
[EventCountry "CZE"]
[TimeControl "240+2"]

{16MB, Fritz8.ctg, SACHY-67D9C7985} 1. Nf3 Nf6 2. c4 c5 3. Nc3 g6 4. g3 Bg7 5.
Bg2 Nc6 6. d4 cxd4 7. Nxd4 O-O 8. Nxc6 dxc6 9. O-O Bd7 10. Qc2 Qc8 11. e4 Bh3
12. Be3 Bxg2 13. Kxg2 e5 14. b4 Qe6 15. Na4 b6 16. Rad1 Ng4 17. Rfe1 Rfd8 18.
Rd3 Nxe3+ 19. Rexe3 Rd4 20. Nb2 Rad8 21. f3 Bh6 22. Re1 Bg7 23. Red1 Rxd3 24.
Rxd3 Rd4 25. Rxd4 exd4 26. Nd3 Bf8 27. b5 Qc8 28. a4 a6 29. Qb2 Bg7 30. h3 axb5
31. axb5 cxb5 32. Qxb5 Qa8 33. Qb3 Qa5 34. Qc2 Qc3 35. Qxc3 dxc3 36. Nb4 Kf8
37. Kf2 Bd4+ 38. Ke2 Bc5 39. Nd5 c2 40. Kd2 c1=Q+ 41. Kxc1 f5 42. g4 Kf7 43.
gxf5 gxf5 44. exf5 Kg7 45. Kd2 Kh6 46. f4 Kh5 47. Nf6+ Kh4 48. Nxh7 Bd4 49. f6
1-0

[Event "Jiraskuv memorial B"]
[Site "Rakovnik"]
[Date "2011.08.08"]
[Round "4"]
[White "Pucholt, Martin"]
[Black "Zika, Vaclav"]
[Result "0-1"]
[ECO "C01"]
[WhiteElo "1428"]
[BlackElo "1748"]
[PlyCount "130"]
[EventDate "2011.08.??"]
[EventType "swiss"]
[EventRounds "9"]
[EventCountry "CZE"]
[TimeControl "240+2"]

{16MB, Fritz8.ctg, SACHY-67D9C7985} 1. e4 e6 2. d4 d5 3. exd5 exd5 4. Bd3 Bd6
5. h3 Ne7 6. Nf3 c6 7. c3 O-O 8. Qc2 Ng6 9. O-O Re8 10. Be3 b6 11. b3 Qc7 12.
Nbd2 Nd7 13. Kh1 Ndf8 14. Rfe1 Bd7 15. Re2 Bf4 16. Rae1 Bxe3 17. Rxe3 Rxe3 18.
Rxe3 Qf4 19. c4 Rc8 20. c5 b5 21. b4 Qh6 22. Kg1 Ne6 23. Bxg6 hxg6 24. Ne5 Be8
25. Ndf3 Ng5 26. Nxg5 Qxg5 27. Qe2 Kf8 28. Qf3 f6 29. g3 Qf5 30. Qxf5 gxf5 31.
Nd3 Kf7 32. h4 Bd7 33. Re2 a5 34. a3 axb4 35. axb4 Ra8 36. Kg2 Ra3 37. Re3 Ra4
38. Rf3 g6 39. Kf1 Ra1+ 40. Kg2 Rd1 41. Kh3 f4+ 42. Kg2 Bf5 43. Nxf4 Be4 44. g4
Bxf3+ 45. Kxf3 Rxd4 46. h5 gxh5 47. Nxh5 Rxb4 48. Nf4 Rb3+ 49. Ke2 Rc3 50. Nd3
Rc4 51. f3 Kg6 52. Ke3 Rc3 53. Kd2 Rxd3+ 54. Kxd3 Kg5 55. Ke3 b4 56. Kd3 Kf4
57. Kc2 Kxf3 58. Kb3 Kxg4 59. Kxb4 Kf5 60. Ka5 Ke6 61. Kb6 Kd7 62. Ka5 f5 63.
Kb4 f4 64. Kc3 Ke6 65. Kd4 Kf5 0-1

[Event "Jiraskuv memorial B"]
[Site "Rakovnik"]
[Date "2011.08.09"]
[Round "5"]
[White "Pribylova, Sofie"]
[Black "Redl, Vaclav"]
[Result "0-1"]
[ECO "C15"]
[WhiteElo "1250"]
[BlackElo "1570"]
[PlyCount "62"]
[EventDate "2011.08.??"]
[EventType "swiss"]
[EventRounds "9"]
[EventCountry "CZE"]
[TimeControl "240+2"]

{1056MB, Fritz8.ctg} 1. e4 e6 2. d4 d5 3. Nc3 Bb4 4. Bd3 c5 5.
Be3 c4 6. a3 Bxc3+ 7. bxc3 cxd3 8. cxd3 Ne7 9. Nf3 Nbc6 10. O-O O-O 11. Ng5 h6
12. Nh3 Ng6 13. Nf4 Nxf4 14. Bxf4 Re8 15. e5 f6 16. Re1 fxe5 17. dxe5 d4 18.
Qg4 Kh7 19. c4 Re7 20. Re4 Qf8 21. Qh4 Rf7 22. f3 b6 23. Bg5 Rf5 24. Rg4 Nxe5
25. Re4 Ng6 26. Qh3 Rxg5 27. Rg4 e5 28. Rf1 Nf4 29. Qh4 Bxg4 30. fxg4 Ne2+ 31.
Kh1 Qxf1# 0-1

[Event "Jiraskuv memorial B"]
[Site "Rakovnik"]
[Date "2011.08.09"]
[Round "5"]
[White "Gruss, Petr"]
[Black "Hejda, Vaclav"]
[Result "1/2-1/2"]
[ECO "D35"]
[WhiteElo "1724"]
[BlackElo "1825"]
[PlyCount "57"]
[EventDate "2011.08.??"]
[EventType "swiss"]
[EventRounds "9"]
[EventCountry "CZE"]
[TimeControl "240+2"]

{1056MB, Fritz8.ctg} 1. d4 d5 2. c4 e6 3. Nc3 Nf6 4. e3 c5 5. dxc5 Bxc5 6. Nf3
Nc6 7. cxd5 Nxd5 8. Nxd5 Qxd5 9. Qxd5 exd5 10. Bb5 f6 11. h3 Bb4+ 12. Bd2 Bxd2+
13. Kxd2 Bd7 14. Rac1 Ne5 15. Nd4 a6 16. Bxd7+ Kxd7 17. b3 Rhc8 18. f3 Nc6 19.
a3 Nxd4 20. exd4 Kd6 21. Rxc8 Rxc8 22. Rc1 Rxc1 23. Kxc1 a5 24. Kd2 b5 25. Ke3
g5 26. f4 Ke6 27. fxg5 fxg5 28. g4 Kf6 29. Kf3 1/2-1/2

[Event "Jiraskuv memorial B"]
[Site "Rakovnik"]
[Date "2011.08.09"]
[Round "5"]
[White "Sulitka, Oldrich"]
[Black "Pribyl, Viktor"]
[Result "1-0"]
[ECO "A45"]
[WhiteElo "1585"]
[BlackElo "1250"]
[PlyCount "45"]
[EventDate "2011.08.??"]
[EventType "swiss"]
[EventRounds "9"]
[EventCountry "CZE"]
[TimeControl "240+2"]

{1056MB, Fritz8.ctg} 1. d4 Nf6 2. Bg5 Ne4 3. Bf4 g5 4. Qd3 Nxf2 5. Kxf2 gxf4 6.
Qe4 Bh6 7. Nf3 d5 8. Qe5 f6 9. Qh5+ Kd7 10. Qxh6 Nc6 11. Qxf4 Nb4 12. e4 Nxc2
13. exd5 Nxa1 14. Bb5+ c6 15. dxc6+ bxc6 16. Ba4 Rb8 17. Qxb8 e6 18. Qxa7+ Kd6
19. Qc5+ Kd7 20. Bxc6+ Kc7 21. Ba4+ Kb8 22. Rc1 Qd7 23. Bxd7 1-0

[Event "Jiraskuv memorial B"]
[Site "Rakovnik"]
[Date "2011.08.09"]
[Round "5"]
[White "Ruzicka, Vaclav"]
[Black "Arvanitakis, Panagiotis"]
[Result "1/2-1/2"]
[ECO "B01"]
[WhiteElo "1703"]
[BlackElo "1497"]
[PlyCount "139"]
[EventDate "2011.08.??"]
[EventType "swiss"]
[EventRounds "9"]
[EventCountry "CZE"]
[TimeControl "240+2"]

{1056MB, Fritz8.ctg} 1. e4 d5 2. exd5 Nf6 3. Bb5+ Nbd7 4. c4 a6 5. Ba4 b5 6.
cxb5 Nxd5 7. Nf3 N5b6 8. Bc2 axb5 9. Be4 Ra7 10. Bc6 Bb7 11. Ne5 Qa8 12. Qf3
Bxc6 13. Qxc6 Qxc6 14. Nxc6 Ra6 15. Nc3 Nd5 16. Nd4 Nxc3 17. dxc3 Rb6 18. O-O
c5 19. Nf3 g6 20. Bf4 f6 21. Rfe1 e5 22. h3 Kf7 23. Be3 e4 24. Nd2 f5 25. Rad1
Rc6 26. Nxe4 Nf6 27. Ng5+ Kg7 28. Bf4 h6 29. Ne6+ Kh7 30. Nxf8+ Rxf8 31. Re7+
Kg8 32. Bxh6 Rb8 33. Rd3 Re8 34. Rg7+ Kh8 35. Rb7 Rg8 36. Bg5 Ne4 37. Bf4 g5
38. Be5+ Nf6 39. Rdd7 Re8 40. Bxf6+ Rxf6 41. Rh7+ Kg8 42. Rhg7+ Kh8 43. Rge7
Rd8 44. Re1 g4 45. h4 f4 46. Rxb5 g3 47. f3 Rc6 48. Rb7 Kg8 49. Rbe7 Kf8 50.
R7e4 Rf6 51. h5 Kg7 52. Kf1 Rd2 53. R4e2 Rd5 54. Re7+ Kh6 55. R7e6 Rxe6 56.
Rxe6+ Kxh5 57. Ke2 c4 58. Re4 Rb5 59. Kd1 Rxb2 60. Re2 Rb5 61. a4 Rb1+ 62. Kc2
Ra1 63. Re5+ Kg6 64. Kb2 Rxa4 65. Re4 Kf5 66. Rd4 Ke5 67. Re4+ Kf5 68. Rd4 Ke5
69. Re4+ Kf5 70. Rd4 1/2-1/2

[Event "Jiraskuv memorial B"]
[Site "Rakovnik"]
[Date "2011.08.09"]
[Round "5"]
[White "Cizkovsky, Ota"]
[Black "Zak, Jiri"]
[Result "1/2-1/2"]
[ECO "B10"]
[WhiteElo "1694"]
[BlackElo "1627"]
[PlyCount "82"]
[EventDate "2011.08.??"]
[EventType "swiss"]
[EventRounds "9"]
[EventCountry "CZE"]
[TimeControl "240+2"]

{1056MB, Fritz8.ctg} 1. e4 c6 2. f4 e6 3. Nf3 Nf6 4. d3 d6 5. Be2 Be7 6. O-O
O-O 7. b3 Nbd7 8. Bb2 Ng4 9. Qd2 Qb6+ 10. Kh1 e5 11. d4 exd4 12. Bxd4 c5 13.
Bg1 Bf6 14. c3 Be7 15. Na3 Ngf6 16. Bd3 Qc6 17. Rae1 a6 18. c4 Rb8 19. Nb1 b5
20. Nc3 Bd8 21. Nd5 h6 22. h3 Nb6 23. Nxf6+ Bxf6 24. e5 dxe5 25. Nxe5 Qc7 26.
cxb5 axb5 27. Bxb5 Rd8 28. Qc2 Bb7 29. Qxc5 Bxe5 30. Qxe5 Qc8 31. f5 Rd5 32.
Qe8+ Qxe8 33. Rxe8+ Rxe8 34. Bxe8 Nc8 35. Kh2 Kf8 36. Ba4 Nd6 37. g4 Ne4 38.
Be3 Rd3 39. Re1 Nc3 40. f6 Nxa4 41. bxa4 Kg8 1/2-1/2

[Event "Jiraskuv memorial B"]
[Site "Rakovnik"]
[Date "2011.08.09"]
[Round "5"]
[White "Zika, Vaclav"]
[Black "Hajsman, Martin"]
[Result "1-0"]
[ECO "E16"]
[WhiteElo "1748"]
[BlackElo "1699"]
[PlyCount "101"]
[EventDate "2011.08.??"]
[EventType "swiss"]
[EventRounds "9"]
[EventCountry "CZE"]
[TimeControl "240+2"]

{1056MB, Fritz8.ctg} 1. d4 Nf6 2. c4 e6 3. Nf3 b6 4. g3 Bb7 5. Bg2 Bb4+ 6. Bd2
Bxd2+ 7. Qxd2 O-O 8. O-O d5 9. Ne5 Nbd7 10. Nxd7 Qxd7 11. Nc3 Rac8 12. Rac1 c5
13. cxd5 exd5 14. dxc5 bxc5 15. e3 Rfd8 16. Rfd1 h6 17. Qe2 d4 18. Bxb7 Qxb7
19. Na4 Qd5 20. b3 d3 21. Qf1 Ne4 22. Nc3 Qf5 23. Nxe4 Qxe4 24. Qg2 Qe5 25. Rd2
Rd5 26. Qf3 Rcd8 27. Qf4 Qe6 28. Rcd1 Qh3 29. Qf3 R8d6 30. Qg2 Qc8 31. Qe4 Qh3
32. Rxd3 Rh5 33. Qg2 Rxd3 34. Rxd3 Qf5 35. Rd2 Qc8 36. Rd5 Rxd5 37. Qxd5 Qc7
38. e4 Qa5 39. a4 Qb6 40. e5 a5 41. Kg2 g5 42. g4 Kg7 43. Kg3 Qb4 44. Qc4 Qb6
45. Qc3 Kg6 46. h4 gxh4+ 47. Kxh4 Qb4 48. Qxb4 axb4 49. a5 c4 50. a6 c3 51. a7
1-0

[Event "Jiraskuv memorial B"]
[Site "Rakovnik"]
[Date "2011.08.09"]
[Round "5"]
[White "Mleziva, Miloslav"]
[Black "Cernouskova, Alena"]
[Result "1/2-1/2"]
[ECO "C54"]
[WhiteElo "1695"]
[BlackElo "1702"]
[PlyCount "80"]
[EventDate "2011.08.??"]
[EventType "swiss"]
[EventRounds "9"]
[EventCountry "CZE"]
[TimeControl "180"]

{24MB, Fritz8.ctg, sach1} 1. e4 e5 2. Nf3 Nc6
3. Bc4 Bc5 4. c3 Nf6 5. d4 exd4 6. cxd4 Bb4+ 7. Nc3 Nxe4 8. O-O Bxc3 9. bxc3 d5
10. Re1 O-O 11. Bd3 Nd6 12. Bxh7+ Kxh7 13. Ng5+ Kg8 14. Qh5 Bf5 15. Bf4 Bg6 16.
Qg4 Bf5 17. Qh4 Ne4 18. Re3 Nxg5 19. Bxg5 f6 20. Bf4 Ne7 21. Qg3 Rc8 22. h4 Ng6
23. Rae1 Qd7 24. h5 Nxf4 25. Qxf4 Be4 26. f3 Bh7 27. Re7 Qf5 28. Qh2 Rf7 29.
Re8+ Rxe8 30. Rxe8+ Rf8 31. Rxf8+ Kxf8 32. Qxc7 Qe6 33. Qxb7 Qe1+ 34. Kh2 Qh4+
35. Kg1 Qxh5 36. Qxa7 Bd3 37. a4 Bc4 38. a5 Qg5 39. a6 Qc1+ 40. Kh2 Bxa6
1/2-1/2

[Event "Jiraskuv memorial B"]
[Site "Rakovnik"]
[Date "2011.08.09"]
[Round "5"]
[White "Sebek, Pavel"]
[Black "Zacek, Petr"]
[Result "1-0"]
[ECO "B06"]
[WhiteElo "1679"]
[BlackElo "1608"]
[PlyCount "85"]
[EventDate "2011.08.??"]
[EventType "swiss"]
[EventRounds "9"]
[EventCountry "CZE"]
[TimeControl "180"]

{24MB, Fritz8.ctg, sach1} 1. e4 g6 2. d4 Bg7 3. Nf3 d6 4. c3
Nf6 5. Qc2 O-O 6. Be3 Nbd7 7. Be2 c5 8. O-O Ng4 9. Bg5 a6 10. a4 Nb8 11. Nbd2
Nc6 12. dxc5 dxc5 13. h3 Nf6 14. Rad1 Qc7 15. Rfe1 Nh5 16. Bh4 Nf4 17. Bg3
Nxe2+ 18. Rxe2 Ne5 19. Nxe5 Bxe5 20. Re3 g5 21. Nc4 f6 22. Qe2 Be6 23. b3 b5
24. Nd2 bxa4 25. bxa4 Qa5 26. Bxe5 fxe5 27. Nc4 Qxa4 28. Nb6 Bc4 29. Nxc4 Rab8
30. Nxe5 Rb2 31. Rd2 Rb1+ 32. Kh2 Qa1 33. Qg4 Rh1+ 34. Kg3 Kh8 35. Nf7+ Rxf7
36. Rd8+ Rf8 37. Red3 h6 38. Rxf8+ Kg7 39. Qf5 Rxh3+ 40. gxh3 Qg1+ 41. Kf3 g4+
42. Ke2 gxh3 43. Rg3+ 1-0

[Event "Jiraskuv memorial B"]
[Site "Rakovnik"]
[Date "2011.08.09"]
[Round "5"]
[White "Masek, Jan"]
[Black "Brada, Zdenek"]
[Result "1-0"]
[ECO "B27"]
[WhiteElo "1670"]
[BlackElo "1488"]
[PlyCount "75"]
[EventDate "2011.08.??"]
[EventType "swiss"]
[EventRounds "9"]
[EventCountry "CZE"]
[TimeControl "40/7200:20/3600:1800"]

{16MB, Fritz8.ctg, SACHY-67D9C7985} 1. e4 c5 2. Nf3 d5 3. exd5
Qxd5 4. Nc3 Qd8 5. Bc4 Nc6 6. O-O Nf6 7. Re1 e6 8. a4 Bd6 9. d4 cxd4 10. Nxd4
Nxd4 11. Nb5 Nxb5 12. Bxb5+ Bd7 13. Qxd6 Bxb5 14. Qxd8+ Rxd8 15. axb5 Ra8 16.
Bg5 Nd7 17. Red1 f6 18. Be3 a6 19. bxa6 bxa6 20. Rd6 Ke7 21. Raxa6 Rxa6 22.
Rxa6 Rc8 23. c3 Rb8 24. b4 Rc8 25. Ra3 e5 26. Kf1 Ke6 27. Ke2 e4 28. Kd2 h6 29.
Kc2 Kd5 30. Ra7 Kc6 31. b5+ Kd6 32. Bf4+ Ke6 33. Rc7 Ra8 34. Kb3 g5 35. Be3 Kd6
36. Rc6+ Ke7 37. Bd4 f5 38. Rxh6 1-0

[Event "Jiraskuv memorial B"]
[Site "Rakovnik"]
[Date "2011.08.09"]
[Round "5"]
[White "Rerabek, Jaroslav"]
[Black "Pokorny, Tomas"]
[Result "1/2-1/2"]
[ECO "C50"]
[WhiteElo "1626"]
[BlackElo "1703"]
[PlyCount "47"]
[EventDate "2011.08.??"]
[EventType "swiss"]
[EventRounds "9"]
[EventCountry "CZE"]
[TimeControl "40/7200:20/3600:1800"]

{16MB, Fritz8.ctg, SACHY-67D9C7985} 1. e4 e5 2. Nf3 Nc6 3. Bc4 Be7 4. Nc3 Nf6
5. Nd5 d6 6. Nxe7 Qxe7 7. h3 Nxe4 8. O-O O-O 9. Re1 Bf5 10. d4 Rfe8 11. Bd5
exd4 12. Nxd4 Qd7 13. Bxc6 bxc6 14. Qf3 Bg6 15. Bf4 Rab8 16. b3 c5 17. Ne2 Re7
18. Ng3 Rbe8 19. c4 Ng5 20. Qc3 Ne4 21. Nxe4 Rxe4 22. Rxe4 Rxe4 23. Be3 Qe7 24.
Rd1 1/2-1/2

[Event "Jiraskuv memorial B"]
[Site "Rakovnik"]
[Date "2011.08.10"]
[Round "6"]
[White "Libosvar, Jan"]
[Black "Bauer, Ondrej"]
[Result "0-1"]
[ECO "C02"]
[WhiteElo "1554"]
[BlackElo "1457"]
[PlyCount "50"]
[EventDate "2011.08.??"]
[EventType "swiss"]
[EventRounds "9"]
[EventCountry "CZE"]
[TimeControl "180"]

{24MB, Fritz8.ctg, sach1} 1. e4 e6 2. d4 d5 3. e5 c5 4. c3 Nc6
5. Nf3 Qb6 6. a3 cxd4 7. cxd4 Nh6 8. Be2 Nf5 9. b4 Nfxd4 10. Nxd4 Nxe5 11. Be3
Bd7 12. O-O Rc8 13. Nb5 Qd8 14. Nxa7 Ra8 15. Nc3 Bd6 16. Nab5 Bb8 17. Bc5 b6
18. Bd4 Ng6 19. f3 h5 20. Bf2 h4 21. h3 Nf4 22. Kh1 Qg5 23. Rg1 Qe5 24. Qd4
Nxh3 25. Qxe5 Nxf2+ 0-1

[Event "Jiraskuv memorial B"]
[Site "Rakovnik"]
[Date "2011.08.10"]
[Round "6"]
[White "Pucholt, Martin"]
[Black "Ruzicka, Vaclav"]
[Result "0-1"]
[ECO "C42"]
[WhiteElo "1428"]
[BlackElo "1703"]
[PlyCount "84"]
[EventDate "2011.08.??"]
[EventType "swiss"]
[EventRounds "9"]
[EventCountry "CZE"]
[TimeControl "180"]

{24MB, Fritz8.ctg, sach1} 1. e4 e5 2. Nf3 Nf6 3. Nxe5 d6 4.
Nf3 Nxe4 5. d3 Nf6 6. Nc3 Be7 7. d4 d5 8. h3 O-O 9. Bd3 Nc6 10. a3 Re8 11. O-O
h6 12. Be3 Bf8 13. Qc1 Ne4 14. Bb5 a6 15. Ba4 b5 16. Bb3 Nxc3 17. bxc3 Na5 18.
a4 Bf5 19. axb5 Nxb3 20. cxb3 axb5 21. b4 Qf6 22. Qd2 Bxh3 23. Ne5 Bf5 24. Ra2
Bd6 25. Bf4 g5 26. Bh2 Qg7 27. Nf3 Bxh2+ 28. Kxh2 Qg6 29. Rfa1 Rxa2 30. Rxa2
Be4 31. Qe3 Qh5+ 32. Kg1 f6 33. Ra7 Bxf3 34. Qxe8+ Qxe8 35. gxf3 Qe1+ 36. Kg2
Qxc3 37. Ra8+ Kg7 38. Rd8 c6 39. Rd6 Qxd4 40. Rxc6 Qxb4 41. Rc7+ Kg6 42. Kg3
Qd6+ 0-1